 Dungeon Crawl Stone Soup version 0.26.1-2-gb8aa6d0cf2 (webtiles) character file.

Game seed: 15537460171176843612

13171 st0uf the Fighter (level 11, -2/99 HPs)
             Began as a Pale Draconian Fighter on Mar 23, 2021.
             Was a High Priest of Okawaru.
             Slain by a hell beast (7 damage)
             ... in a Gauntlet.
             The game lasted 01:13:14 (12401 turns).

st0uf the Fighter (Pale Draconian Fighter)         Turns: 12401, Time: 01:13:15

Health: -2/99      AC:  8    Str: 25    XL:     11   Next: 72%
Magic:  0/11       EV: 21    Int:  9    God:    Okawaru [*****.]
Gold:   598        SH:  0    Dex: 14    Spells: 10/10 levels left

rFire    . . .     SeeInvis .   B - +2 trident (vorpal)
rCold    . . .     Faith    .   (no shield)
rNeg     . . .     Spirit   +   (armour unavailable)
rPois    +         Reflect  .   s - +0 hat of the Poles {-Cast rElec Regen+ Str+7}
rElec    +         Harm     .   (no cloak)
rCorr    +         Rampage  .   F - +0 pair of gloves
Will     .....     NoTele   +   (no boots) Stlth +++++.....NoCast +
                                j - amulet of guardian spirit
HPRegen  0.66/turn              C - ring of poison resistance
MPRegen  0.12/turn              r - ring of resist corrosion

@: short of breath, heroism
A: breathe steam, unfitting armour, cold-blooded, AC +7
a: Breathe Steam, Renounce Religion, Heroism, Finesse


You were in a Gauntlet.
You worshipped Okawaru.
Okawaru was extremely pleased with you.
You visited 3 branches of the dungeon, and saw 12 of its levels.
You also visited: Gauntlet.

You collected 658 gold pieces.
You spent 60 gold pieces at shops.

Inventory:

Hand Weapons
 k - a +3 arbalest of freezing
 B - a +2 vorpal trident (weapon)
 E - a +2 shortbow of flaming
Missiles
 e - 215 arrows
 m - 14 bolts
Armour
 b - a +0 kite shield
 s - the +0 hat of the Poles (worn) {-Cast rElec Regen+ Str+7}
   (Okawaru gifted it to you on level 1 of the Lair of Beasts)

   It affects your strength (+7).
   It insulates you from electricity.
   It prevents spellcasting.
   It increases your rate of regeneration.
 F - a +0 pair of gloves (worn)
Jewellery
 j - an amulet of guardian spirit (around neck)
 r - a ring of resist corrosion (right hand)
 C - a ring of poison resistance (left hand)
Wands
 y - a wand of flame (21)
 A - a wand of paralysis (2)
 D - a wand of enslavement (11)
Scrolls
 a - a scroll of brand weapon {unknown}
 d - 2 scrolls of enchant weapon {unknown}
 g - 5 scrolls of remove curse {unknown}
 h - 8 scrolls of identify
 i - 3 scrolls of magic mapping {unknown}
 l - 3 scrolls of fog {unknown}
 n - 6 scrolls of teleportation
 u - a scroll of noise {unknown}
 w - a scroll of random uselessness {unknown}
 x - a scroll of immolation {unknown}
 G - a scroll of blinking {unknown}
 K - a scroll of vulnerability {unknown}
Potions
 c - 3 potions of might
 f - a potion of haste {unknown}
 o - 3 potions of ambrosia {unknown}
 p - 4 potions of curing
 q - 2 potions of magic {unknown}
 t - a potion of cancellation {unknown}
 v - 4 potions of flight {unknown}
 z - 3 potions of attraction {unknown}
 H - a potion of mutation {unknown}
 J - a potion of brilliance {unknown}
Miscellaneous
 I - a phial of floods


   Skills:
 + Level 10.0(15.0) Fighting
 + Level 8.8(13.8) Polearms
 + Level 2.5(7.5) Bows
 + Level 8.3(13.3) Dodging
 + Level 8.4(13.4) Stealth
 - Level 8.6(13.6) Shields


You had 10 spell levels left.
You didn't know any spells.
Your spell library contained the following spells:

 Spells                   Type           Power        Failure   Level
 Animate Skeleton         Necr           0%           38%         1
 Apportation              Tloc           0%           38%         1
 Pain                     Necr           0%           38%         1
 Sandblast                Erth           0%           38%         1
 Passwall                 Tmut/Erth      0%           52%         2
 Lesser Beckoning         Tloc           0%           77%         3
 Stone Arrow              Conj/Erth      0%           77%         3
 Tukima's Dance           Hex            0%           77%         3
 Vampiric Draining        Necr           0%           77%         3
 Animate Dead             Necr           0%           99%         4
 Petrify                  Tmut/Erth      0%           99%         4
 Agony                    Necr           0%           100%        5
 Alistair's Intoxication  Tmut/Pois      0%           100%        5
 Lee's Rapid Deconstruct  Erth           0%           100%        5
 Invisibility             Hex            0%           100%        6


Dungeon Overview and Level Annotations

Branches:
Dungeon (9/15)             Temple (1/1) D:4            Lair (2/6) D:9
Gauntlet (1/1)
  Swamp: Lair:2-4    Shoals: Lair:2-4     Snake: Lair:2-4    Spider: Lair:2-4
    Orc: D:9-12

Altars:
Ashenzari
Cheibriados
Dithmenos
Elyvilon
Fedhas
Gozag
Hepliaklqana
Kikubaaqudgha
Makhleb
Nemelex Xobeh
Okawaru
Qazlal
Ru
Sif Muna
Trog
Uskayaw
Vehumet
Wu Jian
Xom
Yredelemnul
Zin
The Shining One

Shops:
D:4 *

Portals:
Abyss: D:4

Annotations:
D:3 3 runed translucent doors, ZZKoverts's ghost, amateur GrFi
D:4 1 transporter, Jaiteiro's ghost, amateur FoFi
D:9 Maurice Gauntlet 3 transporters


Innate Abilities, Weirdness & Mutations

You can breathe blasts of scalding, opaque steam.
Your pale cyan-grey scales are hard. (AC +7)
You cannot fit into any form of body armour.
You are cold-blooded and may be slowed by cold attacks.


Message History

The hell beast is moderately wounded.
The hell beast bites you! The hell beast tramples you.
You stumble backwards!
Found 2 potions of curing.
Okay, then.
The wizard shouts!
You hit the hell beast but do no damage.
The hell beast is moderately wounded.
The hell beast bites you!!
* * * LOW HITPOINT WARNING * * *
The hell beast tramples you!
* * * LOW HITPOINT WARNING * * *
You hold your ground!
You barely miss the hell beast.
The hell beast is moderately wounded.
The hell beast closely misses you.
The hell beast tramples you but does no damage.
You puncture the hell beast!
The hell beast is heavily wounded.
The hell beast bites you!
You die...

.#©#.#.#.#©#.####
.#.#.#.#.#.#.#.©#..#!#.#
#.##.#.#.#.#....#....#.#
###.##.#.#.#.p.###.^.#.#
...##©##.#.#....5.5..#.#
##########.###########.#
.#©........#≈≈≈§8≈≈≈§#..
.#########.###########.#
.........#.#...#@....#.#
.........#.#..#.2##..#.#
#######..#.#..##..#..#.#
#8 #8#..#.#..#..##.:#.#
## ###..#©#..##©.#.©#©#
#..###..#†.##.(###
#....#..##..#.[#..
#....#..#..##..#..
###..#...#.....#..


You could see a hell beast, a wizard and 2 white imps.

Vanquished Creatures
  A queen ant (D:9)
  A two-headed ogre (D:5)
  Pikel (D:3)
  An eye of devastation (Gauntlet)
  Maggie (D:9)
  2 cane toads (Lair:1)
  Grinder (D:5)
  8 blink frogs (Lair:1)
  Sigmund (D:4)
  A wyvern (Lair:1)
  11 yaks
  2 basilisks (Lair:1)
  Edmund (D:5)
  Menkaure (D:4)
  12 soldier ants (D:9)
  2 hell hounds (Gauntlet)
  3 water moccasins (Lair:1)
  A floating eye (Gauntlet)
  An ice beast (D:6)
  A black bear (D:9)
  2 orc warriors (D:7)
  2 necrophages
  A sky beast (D:8)
  5 centaurs
  2 ogres
  3 phantoms
  3 wolves (Lair:1)
  A lemure (D:4)
  6 bullfrogs
  A wyvern zombie (D:9)
  A scorpion (D:6)
  3 wights (D:6)
  6 electric eels (D:5)
  2 centaur zombies
  A bullfrog zombie (D:8)
  3 hounds (D:4)
  3 orc priests
  A centaur skeleton (D:4)
  2 jellies (D:5)
  5 orc wizards
  3 bullfrog skeletons (D:5)
  Terence (D:2)
  2 iguanas
  36 worker ants
  A killer bee zombie (D:7)
  2 hound skeletons
  2 worker ant zombies
  10 adders
  A shadow imp (D:6)
  A white imp (D:5)
  An ufetubus (D:4)
  A worm (D:2)
  A dart slug (D:1)
  3 leopard geckos
  26 orcs
  3 ball pythons
  5 giant cockroaches
  13 goblins
  13 hobgoblins
  15 jackals
  3 quokkas
  A ball python skeleton (D:5)
  8 bats
  A frilled lizard (D:3)
  3 giant cockroach zombies (D:5)
  13 kobolds
  2 quokka zombies
  3 rats
280 creatures vanquished.

Vanquished Creatures (others)
  An orc (D:4)
  7 plants
8 creatures vanquished.

Grand Total: 288 creatures vanquished

Notes
Turn   | Place    | Note
-------+----------+-------------------------------------------
     0 | D:1      | st0uf the Draconian Fighter began the quest for the Orb.
     0 | D:1      | Reached XP level 1. HP: 19/19 MP: 1/1
   338 | D:1      | Reached XP level 2. HP: 21/26 MP: 2/2
  1143 | D:1      | Reached XP level 3. HP: 33/33 MP: 3/3
  1238 | D:2      | Noticed Terence
  1258 | D:2      | Killed Terence
  1259 | D:2      | Reached skill level 1 in Stealth
  1510 | D:2      | Found an ornate altar of the Wu Jian Council.
  1678 | D:2      | Reached XP level 4. HP: 40/40 MP: 4/4
  1897 | D:2      | Reached skill level 4 in Fighting
  1991 | D:3      | Found a runed translucent gate.
  1991 | D:3      | Found a runed translucent gate.
  1992 | D:3      | Found a runed translucent gate.
  2160 | D:3      | Found a hazy altar of Hepliaklqana.
  2300 | D:3      | Reached XP level 5. HP: 43/46 MP: 5/5
  2685 | D:3      | Noticed ZZKoverts's ghost (amateur GrFi)
  2905 | D:4      | Noticed a centaur
  2983 | D:4      | Reached XP level 6. HP: 43/53 MP: 6/6
  2998 | D:4      | Found Ulovvaitess's General Store.
  3015 | D:4      | Bought a scroll of identify for 22 gold pieces
  3015 | D:4      | Bought a scroll of amnesia for 38 gold pieces
  3639 | D:4      | Noticed Menkaure
  3855 | D:4      | Found a transporter.
  3883 | D:4      | Your scales start taking on a pale cyan-grey colour.
  3883 | D:4      | Reached XP level 7. HP: 54/60 MP: 7/7
  3908 | D:4      | Reached skill level 5 in Fighting
  4098 | D:4      | Found a staircase to the Ecumenical Temple.
  4107 | Temple   | Entered the Ecumenical Temple
  4136 | Temple   | Became a worshipper of Warmaster Okawaru
  4189 | D:4      | Noticed Pikel
  4221 | D:3      | Killed Pikel
  4221 | D:3      | Reached * piety under Okawaru
  4222 | D:3      | Reached skill level 5 in Shields
  4222 | D:3      | Reached XP level 8. HP: 29/70 MP: 3/8
  4447 | D:4      | Noticed Sigmund
  4576 | D:4      | Found a one-way gate to the infinite horrors of the Abyss.
  4576 | D:4      | Noticed Jaiteiro's ghost (amateur FoFi)
  4681 | D:4      | Found a bloodstained altar of Trog.
  4683 | D:4      | Found a shadowy altar of Dithmenos.
  4710 | D:5      | Entered Level 5 of the Dungeon
  4818 | D:5      | Noticed Edmund
  4844 | D:5      | Killed Edmund
  4844 | D:5      | Reached ** piety under Okawaru
  4944 | D:5      | Reached skill level 6 in Fighting
  4944 | D:5      | Reached skill level 5 in Dodging
  4950 | D:5      | Found a blossoming altar of Fedhas.
  4969 | D:5      | Found a shimmering blue altar of Sif Muna.
  5045 | D:5      | Reached skill level 5 in Polearms
  5324 | D:5      | Found a broken altar of Ashenzari.
  5336 | D:5      | Noticed Grinder
  5347 | D:5      | Killed Grinder
  5489 | D:5      | Noticed a two-headed ogre
  5534 | D:5      | Killed a two-headed ogre
  5534 | D:5      | Reached *** piety under Okawaru
  5535 | D:5      | Reached skill level 7 in Fighting
  5535 | D:5      | Reached skill level 5 in Stealth
  5535 | D:5      | Reached XP level 9. HP: 54/79 MP: 7/9
  5914 | D:5      | Reached **** piety under Okawaru
  6212 | D:5      | Found a glowing silver altar of Zin.
  6571 | D:6      | Found a sparkling altar of Nemelex Xobeh.
  8289 | D:8      | Reached XP level 10. HP: 75/88 MP: 8/10
  8507 | D:8      | Reached skill level 8 in Fighting
  8547 | D:8      | Found a stormy altar of Qazlal.
  8865 | D:9      | Found a staircase to the Lair.
  8865 | D:9      | Noticed Maggie
  8939 | D:9      | Reached ***** piety under Okawaru
  8961 | D:9      | Noticed a queen ant
  9133 | D:9      | Killed a queen ant
  9133 | D:9      | Received a gift from Okawaru
  9612 | D:9      | Reached skill level 9 in Fighting
  9891 | D:9      | Killed Maggie
 10132 | D:9      | Reached XP level 11. HP: 93/97 MP: 11/11
 10170 | D:9      | Noticed Maurice
 10393 | D:4      | Killed Menkaure
 10424 | D:4      | Killed Sigmund
 10541 | Lair:1   | Entered Level 1 of the Lair of Beasts
 11670 | Lair:1   | Received a gift from Okawaru
 11671 | Lair:1   | Reached skill level 1 in Bows
 11671 | Lair:1   | Got a fading hat {god gift}
 11677 | Lair:1   | Identified the +0 hat of the Poles {-Cast rElec Regen+
                  | Str+7} (Okawaru gifted it to you on level 1 of the Lair of
                  | Beasts)
 12297 | Lair:2   | Found a gate leading to a gauntlet.
 12306 | Gauntlet | Entered a Gauntlet
 12306 | Gauntlet | Found a transporter.
 12306 | Gauntlet | Found a transporter.
 12317 | Gauntlet | Found a transporter.
 12321 | Gauntlet | Found a transporter.
 12363 | Gauntlet | Found a transporter.
 12365 | Gauntlet | Noticed a hell beast
 12376 | Gauntlet | Found a transporter.
 12387 | Gauntlet | Reached skill level 10 in Fighting
 12399 | Gauntlet | Noticed a wizard
 12399 | Gauntlet | HP: 4/99 [hell beast (11)]
 12401 | Gauntlet | Slain by a hell beast

Illustrated notes

Levels and vault maps discovered:
D:1:      minmay_arrival_radiant_lines, layout_basic
D:2:      layout_rooms, general_overflow_altar, serial_bayou_pond_d,
          st_stairs_1, minmay_misc_feat_diagonals, minmay_goblin_outpost,
          uniq_terence
D:3:      layout_loops_ring, old_standard_altar, gammafunk_ghost_necromancy,
          minmay_pentangle
D:4:      layout_cave_pools, minitemple, minmay_temple_entry_ruins,
          gammafunk_ghost_abyssal_escape, serial_shops, shop,
          minmay_fractal_squares_diagonal_5, uniq_pikel, uniq_sigmund,
          uniq_menkaure
D:5:      cheibrodos_two_vegetables, layout_basic, lemuel_doored_altar,
          old_standard_altar, zin_scriptorium, ashenzari_altar_1, uniq_grinder,
          uniq_edmund
D:6:      layout_basic, nemelex_altar_shiori
D:7:      layout_basic
D:8:      layout_rooms, grunt_qazlal_sundering
D:9:      layout_irregular_city, lair_entry_dummy, zaba_anthell, uniq_maurice,
          uniq_maggie
Temple:   minmay_temple_bridge_abc
Lair:1:   layout_cellular_growth
Lair:2:   layout_long_grid, swamp_mist, special_room [special_room_bee],
          basic_altar, gauntlet_entry_generic, wad_woods_river_01,
          serial_bayou_shore_a, lemuel_fruit_fields, lemuel_fruit_tree,
          uniq_erica, uniq_fannar
Gauntlet: gammafunk_gauntlet_branching [gammafunk_gauntlet_arena_grid,
          gammafunk_gauntlet_arena_spirals, gammafunk_gauntlet_arena_crates,
          gammafunk_gauntlet_arena_split_diamond,
          nicolae_gauntlet_arena_t_cross, gammafunk_gauntlet_arena_teeth,
          gammafunk_gauntlet_arena_chambers, nicolae_gauntlet_arena_grate_2,
          gauntlet_exit_hidden_loot]

Skill      XL: |  1  2  3  4  5  6  7  8  9 10 11 |
---------------+----------------------------------+-----
Dodging        | 3 4 5 6 7 8 |  8.3
Stealth        | 1 2 3 5 6 7 8 |  8.4
Fighting       | 4 5 7 9 10 | 10.0
Polearms       | 3 4 5 6 7 8 |  8.8
Shields        | 4 5 6 7 8 |  8.6
Bows           | 2 |  2.5

Action                   |  1- 3 |  4- 6 |  7- 9 | 10-12 || total
-------------------------+-------+-------+-------+-------++-------
Melee: Trident           |   123 |   272 |   210 |   315 ||   920
       Tailslap          |    12 |    33 |    30 |    43 ||   118
 Fire: Shortbow          |       |       |       |    35 ||    35
Invok: Heroism           |       |       |       |     5 ||     5
 Abil: Breathe Steam     |       |       |    39 |    58 ||    97
  Use: Scroll            |       |       |     2 |       ||     2
       Potion            |       |       |       |     2 ||     2
 Stab: Sleeping          |     4 |     3 |     3 |    11 ||    21
       Distracted        |       |     1 |       |     1 ||     2
Armor: Skin              |    30 |    73 |    24 |    23 ||   150
Dodge: Dodged            |    53 |    94 |    71 |   133 ||   351
Block: Kite shield       |    44 |   113 |    65 |    96 ||   318
